 Dungeon Crawl Stone Soup version 0.25-a0-166-g16436c4407 (console) character file.

Game seed: 7040782360180123663, levelgen mode: deterministic

4175 Kagalorn the Archer (level 10, -5/86 HPs)
             Began as a Centaur Hunter on Nov 23, 2019.
             Was a Priest of Okawaru.
             Slain by a wraith (6 damage)
             ... on level 10 of the Dungeon.
             The game lasted 00:29:08 (9879 turns).

Kagalorn the Archer (Centaur Hunter)                Turns: 9879, Time: 00:29:09

Health: -5/86      AC:  7    Str: 18    XL:     10   Next: 8%
Magic:  12/12      EV:  9    Int: 10    God:    Okawaru [***...]
Gold:   499        SH:  0    Dex: 10    Spells: 9/9 levels left

rFire    . . .     SeeInvis .   a - +0 halberd
rCold    + . .     Gourm    .   (shield currently unavailable)
rNeg     . . .     Faith    .   H - +2 robe {rC+}
rPois    .         Spirit   .   (no helmet)
rElec    .         Reflect  .   I - +0 cloak
rCorr    .         Harm     .   (no gloves)
MR       .....                  (no barding)
Stlth    +.........             (no amulet)
HPRegen  0.24/turn              (no ring)
MPRegen  0.13/turn              (no ring)

@: lethally poisoned (-5 -> -10), slowed
A: large, hooves 3, deformed body, speed 2, tough skin 3
a: Heroism, Renounce Religion


You were on level 10 of the Dungeon.
You worshipped Okawaru.
Okawaru was most pleased with you.
You were hungry.

You visited 2 branches of the dungeon, and saw 11 of its levels.
You also visited: Ossuary.

You collected 499 gold pieces.

Inventory:

Hand Weapons
 a - a +0 halberd (weapon)
 b - a +1 shortbow
 F - a +0 lajatang
Missiles
 d - 151 arrows
 n - a throwing net
 E - 13 poisoned darts (quivered)
 J - 6 javelins
Armour
 G - a +0 shield
 H - a +2 robe of cold resistance (worn)
 I - a +0 cloak (worn)
Jewellery
 c - a cursed ring of wizardry {unknown}
 k - a +3 ring of strength {unknown}
 p - an uncursed ring of fire {unknown}
 v - an uncursed ring of protection from cold {unknown}
Wands
 A - a wand of acid (7)
 C - a wand of polymorph (9)
 M - a wand of flame (19)
Scrolls
 h - 6 scrolls of teleportation
 i - a scroll of fog {unknown}
 j - 2 scrolls of amnesia
 l - 4 scrolls of remove curse
 m - a scroll of enchant armour {unknown}
 r - 3 scrolls of fear {unknown}
 w - 6 scrolls of noise {unknown}
 x - a scroll of immolation {unknown}
 y - 4 scrolls of magic mapping
 D - 2 scrolls of blinking
Potions
 e - 3 potions of might
 g - a potion of agility
 o - a potion of mutation
 q - a potion of curing
 s - 2 potions of cancellation
 t - 2 potions of ambrosia
 u - a potion of haste
 z - 2 potions of lignification
 B - 3 potions of flight
 L - 2 potions of heal wounds
Miscellaneous
 K - a phantom mirror
Comestibles
 f - 11 rations


   Skills:
 + Level 7.4 Fighting
 * Level 5.3 Polearms
 - Level 14.0 Bows
 - Level 1.3 Dodging
 - Level 0.4 Stealth
 * Level 3.8 Invocations


You had 9 spell levels left.
You didn't know any spells.
Your spell library contained the following spells:

 Spells                   Type           Power        Failure   Level  Hunger
 Summon Small Mammal      Summ           #...         36%         1    ##.....
 Call Imp                 Summ           #.......     50%         2    ###....
 Call Canine Familiar     Summ           #.......     75%         3    ####...
 Summon Guardian Golem    Hex/Summ       #.......     75%         3    ####...
 Summon Ice Beast         Ice/Summ       #.......     98%         4    #####..
 Summon Lightning Spire   Summ/Air       #.......     98%         4    #####..


Dungeon Overview and Level Annotations

Branches:
Dungeon (10/15)            Temple (1/1) D:5            Lair (0/6) D:8
Ossuary (visited)
    Orc: D:9-12

Altars:
Ashenzari
Cheibriados
Dithmenos
Elyvilon
Fedhas
Hepliaklqana
Kikubaaqudgha
Makhleb
Nemelex Xobeh
Okawaru
Qazlal
Ru
Sif Muna
Trog
Uskayaw
Vehumet
Wu Jian
Yredelemnul
The Shining One

Annotations:
D:4 Grinder


Innate Abilities, Weirdness & Mutations

You have hooves in place of feet.
Armour fits poorly on your strangely shaped body.
You cover ground very quickly.
You have extremely tough skin. (AC +3)


Message History

* * * LOW HITPOINT WARNING * * *
You are more poisoned.
The killer bee poisons you! The killer bee barely misses you.
The killer bee stings you!
* * * LOW HITPOINT WARNING * * *
The killer bee stings you but does no damage.
The wraith closely misses you.
The killer bee stings you but does no damage.
You feel sick. The killer bee stings you.
* * * LOW HITPOINT WARNING * * *
The killer bee stings you.
* * * LOW HITPOINT WARNING * * *
The wraith closely misses you.
The killer bee stings you but does no damage.
The killer bee closely misses you.
You feel sick. The wraith hits you!
* * * LOW HITPOINT WARNING * * *
* * * LOW HITPOINT WARNING * * *
You feel sick. The killer bee closely misses you. The wraith hits you.
You die...

...#####....+
............#
............#
...........(+
###########y#####+##
#y(.......
#yy.......
######yW.......
#.....@........
####...########
#...# #...+ #...#
#...# #...# #...#


You could see a wraith and 5 killer bees.

Vanquished Creatures
  A hydra (D:9)
  A hippogriff (D:7)
  Sigmund (D:2)
  A hungry ghost (D:9)
  2 orc warriors (D:7)
  An ice beast (D:7)
  4 sky beasts
  2 ogres
  2 centaurs
  2 big kobolds (D:4)
  An elf zombie (Ossuary)
  3 bullfrogs
  A wyvern zombie (D:9)
  5 killer bees (D:9)
  4 wights
  2 howler monkeys
  A crimson imp (D:5)
  A bullfrog zombie (D:8)
  A hound (D:9)
  3 jellies
  A quasit (D:9)
  A human zombie (Ossuary)
  4 orc wizards
  3 orc priests (D:8)
  A centaur skeleton (D:9)
  Jessica (D:2)
  4 iguanas
  8 worker ants
  A big kobold zombie (Ossuary)
  A hound zombie (Ossuary)
  4 mummies (Ossuary)
  A worker ant zombie (D:5)
  3 gnolls (D:3)
  5 adders
  A shadow imp (D:5)
  2 oozes
  An adder zombie (Ossuary)
  3 worms
  A dart slug (D:1)
  23 orcs
  2 ball pythons (D:1)
  5 giant cockroaches
  15 hobgoblins
  4 jackals
  13 kobolds
  6 quokkas
  5 bats
  3 frilled lizards
  11 goblins
  A goblin zombie (Ossuary)
  A jackal zombie (Ossuary)
  2 kobold zombies (Ossuary)
  3 leopard gecko skeletons
  An orc zombie (Ossuary)
  5 rats
  2 rat zombies (Ossuary)
187 creatures vanquished.

Notes
Turn   | Place    | Note
-------+----------+-------------------------------------------
     0 | D:1      | Kagalorn the Centaur Hunter began the quest for the Orb.
     0 | D:1      | Reached XP level 1. HP: 17/17 MP: 1/1
     2 | D:1      | Noticed a tengu
     2 | D:1      | Noticed an elf
     4 | D:1      | Noticed an ogre
     4 | D:1      | Noticed a troll
     6 | D:1      | Noticed a centaur
     6 | D:1      | Noticed a demigod
     8 | D:1      | Noticed a human
     8 | D:1      | Noticed a demonspawn
    10 | D:1      | Noticed a minotaur
    10 | D:1      | Noticed a vampire
    12 | D:1      | Noticed a felid
    12 | D:1      | Noticed a spriggan
    14 | D:1      | Noticed a dwarf
    14 | D:1      | Noticed a gargoyle
    16 | D:1      | Noticed a formicid
    18 | D:1      | Noticed an octopode
    20 | D:1      | Noticed a vine stalker
    20 | D:1      | Noticed a naga
    22 | D:1      | Noticed a merfolk
    24 | D:1      | Noticed a draconian
    26 | D:1      | Noticed a halfling
    26 | D:1      | Noticed a ghoul
   232 | D:1      | Reached XP level 2. HP: 14/24 MP: 2/2
   241 | D:1      | Reached skill level 6 in Bows
   970 | D:1      | Reached XP level 3. HP: 29/29 MP: 3/3
  1184 | D:2      | Noticed Jessica
  1186 | D:2      | Noticed Sigmund
  1211 | D:2      | Killed Jessica
  1211 | D:2      | Reached skill level 7 in Bows
  1211 | D:2      | Reached XP level 4. HP: 37/37 MP: 4/4
  1468 | D:2      | Killed Sigmund
  1468 | D:2      | Reached skill level 8 in Bows
  1468 | D:2      | Reached XP level 5. HP: 22/45 MP: 5/5
  1803 | D:2      | Found a sacrificial altar of Ru.
  1816 | D:2      | Reached skill level 9 in Bows
  1816 | D:2      | Reached XP level 6. HP: 46/51 MP: 6/6
  2541 | D:3      | Found a snail-covered altar of Cheibriados.
  3025 | D:4      | Noticed Grinder
  3039 | D:4      | Paralysed by Grinder for 6 turns
  3386 | D:4      | Reached skill level 10 in Bows
  3386 | D:4      | Reached XP level 7. HP: 55/58 MP: 7/7
  3739 | D:5      | Entered Level 5 of the Dungeon
  4353 | D:5      | Reached skill level 11 in Bows
  4528 | D:5      | Found a staircase to the Ecumenical Temple.
  4533 | Temple   | Entered the Ecumenical Temple
  4668 | Temple   | Became a worshipper of Warmaster Okawaru
  5483 | D:6      | Reached skill level 5 in Fighting
  5483 | D:6      | Reached XP level 8. HP: 37/68 MP: 8/8
  5718 | D:6      | Reached skill level 12 in Bows
  5761 | D:6      | You fall into a shaft and drop 1 floor!
  6099 | D:7      | Reached skill level 13 in Bows
  6413 | D:7      | Noticed a hippogriff
  6454 | D:7      | Killed a hippogriff
  6454 | D:7      | Reached * piety under Okawaru
  6454 | D:7      | Reached skill level 14 in Bows
  6835 | D:7      | Reached XP level 9. HP: 71/74 MP: 9/9
  7149 | D:8      | Reached skill level 1 in Polearms
  7153 | D:8      | Reached skill level 1 in Invocations
  7187 | D:8      | Noticed a death yak
  7191 | D:8      | Found a sand-covered staircase.
  7206 | D:8      | Noticed a death yak
  7207 | Ossuary  | Entered an ossuary
  7849 | D:8      | Noticed a death yak
  7853 | D:8      | Found a staircase to the Lair.
  7918 | D:7      | HP: 3/75 [poisoned by an adder]
  8348 | D:9      | Paralysed by fainting for 9 turns
  8386 | D:9      | Paralysed by fainting for 7 turns
  8610 | D:9      | Found a shadowy altar of Dithmenos.
  8615 | D:9      | Noticed an eight-headed hydra
  8642 | D:9      | Killed an eight-headed hydra
  8642 | D:9      | Reached ** piety under Okawaru
  9282 | D:9      | Reached *** piety under Okawaru
  9282 | D:9      | Reached skill level 5 in Polearms
  9282 | D:9      | Reached XP level 10. HP: 74/86 MP: 12/12
  9367 | D:9      | HP: 4/129 [killer bee (5)]
  9381 | D:9      | HP: 2/86 [hound (3)]
  9787 | D:10     | Entered Level 10 of the Dungeon
  9878 | D:10     | HP: 1/86 [wraith (9)]
  9879 | D:10     | Slain by a wraith

Levels and vault maps discovered:
D:1:      kb_arrival_jail, layout_loops_corners, minmay_nonomino_d4
D:2:      layout_loops_ring, nicolae_ru_great_annihilating_truth, uniq_sigmund,
          uniq_jessica
D:3:      layout_loops_ring, lemuel_coloured_pillars_altar, first_ration
D:4:      cheibrodos_thug_alley, layout_basic, uniq_grinder
D:5:      layout_gridville, temple_doors_ab
D:6:      layout_basic, zin_purify, uniq_eustachio
D:7:      minmay_skewed_foursquare, layout_basic
D:8:      layout_rooms, amethyst_overflow_temple_binary, dpeg_lair_monsters,
          chequers_ossuary_entry_cave
D:9:      layout_rooms, grunt_dithmenos_smoke, serial_curves, eino_curves_03,
          eino_curves_03, eino_curves_02
D:10:     layout_irregular_city, uniq_snorg, uniq_fannar, uniq_sonja,
          uniq_nergalle
Temple:   nicolae_temple_elliptical

Skill      XL: |  1  2  3  4  5  6  7  8  9 |
---------------+----------------------------+-----
Bows           | 6 7 8 9 10 11 14 | 14.0
Fighting       | 3 5 7 |  7.4
Polearms       | 5 |  5.3
Invocations    | 3 |  3.8
Dodging        | |  1.3
Stealth        | |  0.4

Action                   |  1- 3 |  4- 6 |  7- 9 | 10-12 || total
-------------------------+-------+-------+-------+-------++-------
Melee: Short sword       |    74 |    67 |       |       ||   141
       Kick              |    12 |    26 |    52 |     9 ||    99
       Spear             |       |    61 |    22 |       ||    83
       Trident           |       |       |    58 |       ||    58
       Lajatang          |       |       |    67 |       ||    67
       Halberd           |       |       |   156 |    51 ||   207
       Unarmed           |       |       |     1 |       ||     1
 Fire: Shortbow          |     9 |    65 |   290 |       ||   364
Throw: Dart              |       |       |     6 |     7 ||    13
Invok: Heroism           |       |       |     1 |       ||     1
  Use: Scroll            |       |       |    14 |       ||    14
       Potion            |       |       |     1 |     4 ||     5
 Stab: Paralysed         |       |     1 |       |       ||     1
  Eat: Ration            |       |     1 |     6 |       ||     7
       Chunk             |       |     1 |     9 |     2 ||    12
Armor: Leather armour    |    22 |       |       |       ||    22
       Ring mail         |    21 |    36 |       |       ||    57
       Chain mail        |       |     6 |    60 |       ||    66
       Robe              |       |       |   155 |    16 ||   171
       Skin              |       |       |       |    39 ||    39
Dodge: Dodged            |    37 |    48 |   169 |    48 ||   302

Table legend:
 A = Non-vault XP
 B = Vault XP
 C = Vault XP percentage of total XP
 D = Non-vault monster count
 E = Vault monster count
 F = Vault count percentage of total count
                 A         B        C        D         E       F
            +---------+---------+-------+---------+---------+-------
      Total |    4640 |    1325 |  22.2 |     138 |      49 |  26.2
            +---------+---------+-------+---------+---------+-------
        D:1 |      27 |      15 |  35.7 |      17 |       8 |  32.0
        D:2 |      39 |     314 |  89.0 |      13 |       6 |  31.6
        D:3 |      88 |       0 |   0.0 |      18 |       0 |   0.0
        D:4 |     240 |     218 |  47.6 |      11 |      11 |  50.0
        D:5 |     465 |       0 |   0.0 |      12 |       0 |   0.0
        D:6 |     262 |       0 |   0.0 |       4 |       0 |   0.0
        D:7 |     790 |     502 |  38.9 |      22 |       6 |  21.4
        D:8 |     345 |       4 |   1.1 |      14 |       2 |  12.5
        D:9 |    2347 |       0 |   0.0 |      26 |       0 |   0.0
       D:10 |      37 |       0 |   0.0 |       1 |       0 |   0.0
    Ossuary |       0 |     272 | 100.0 |       0 |      16 | 100.0
            +---------+---------+-------+---------+---------+-------
